 Dungeon Crawl Stone Soup version 0.18-a0-1273-g8ec5f8e (webtiles) character file.

382570 Motquri the Slayer (level 21, 0/209 HPs)
             Began as a Minotaur Berserker on Feb 6, 2016.
             Was the Champion of the Shining One.
             Slain by an emperor scorpion (6 damage)
             ... summoned by a greater mummy
             ... on level 1 of the Tomb of the Ancients on Feb 7, 2016.
             The game lasted 03:02:48 (22519 turns).

Motquri the Slayer (Minotaur Berserker)            Turns: 22519, Time: 03:02:50

Health: 0/209      AC: 63    Str: 31    XL:     21   Next: 58%
Magic:  29/29      EV: 17    Int:  4    God:    the Shining One [******]
Gold:   2193       SH:  0    Dex: 14    Spells: 0 memorised, 20 levels left

rFire  . . .     SeeInvis +     b - +7 executioner's axe (holy)
rCold  + + +     Gourm    .     H - +23 crystal plate armour "Vuenuh" {rC++ MR+ rCorr Dex-4 SInv}
rNeg   + + +     Faith    .     (shield currently unavailable)
rPois  .         Spirit   .     n - +2 hat
rElec  .         Dismiss  .     S - +2 cloak {MR+}
rCorr  +         Reflect  .     P - +0 pair of gloves {Dex+3}
SustAt .         Harm     .     s - +2 pair of boots
MR     ++++.                    T - amulet of regeneration
Stlth  ..........               O - ring "Jesyem" {+Inv rC+ Dex+4}
                                E - ring of protection from magic

@: exhausted, very slightly contaminated, slowed, glowing, studying Armour, very
slow, incredibly resistant to hostile enchantments, extremely unstealthy
A: retaliatory headbutt, horns 2, molten scales 1
a: Divine Shield, Cleansing Flame, Summon Divine Warrior, Renounce Religion,
Evoke Invisibility
}: 3/15 runes: decaying, serpentine, silver


You were on level 1 of the Tomb of the Ancients.
You worshipped the Shining One.
The Shining One was exalted by your worship.
You were not hungry.

You visited 10 branches of the dungeon, and saw 47 of its levels.
You visited the Abyss 1 time.
You also visited: Ossuary, Volcano and Wizlab.

You collected 3793 gold pieces.
You spent 1600 gold pieces at shops.

Inventory:

Hand Weapons
 b - a +7 executioner's axe of holy wrath (weapon)
 U - the +12 executioner's axe of Conflict {vamp, Int+7}
   (Trog gifted it to you on level 2 of the Lair of Beasts)

   It inflicts no extra harm, but heals its wielder somewhat when it strikes a
   living foe.
   It affects your intelligence (+7).
   The Shining One disapproves of the use of such an item.
Armour
 e - the +1 hat of Resesite {Int+3}
   (You acquired it on level 1 of the Lair of Beasts)

   It affects your intelligence (+3).
 n - a +2 hat (worn)
 s - a +2 pair of boots (worn)
 t - a gold dragon hide
 H - the +23 crystal plate armour "Vuenuh" (worn) {rC++ MR+ rCorr Dex-4 SInv}
   (You found it on level 5 of the Vaults)

   It affects your dexterity (-4).
   It greatly protects you from cold.
   It affects your resistance to hostile enchantments.
   It lets you see invisible.
   It protects you from acid and corrosion.
 L - the +5 plate armour of Hosk {*Contam rF++ rN+}
   (You bought it in a shop on level 13 of the Dungeon)

   It greatly protects you from fire.
   It protects you from negative energy.
   It causes magical contamination when unequipped.
 P - a +0 pair of gloves of dexterity (worn)
 S - a +2 cloak of magic resistance (worn)
Jewellery
 d - an uncursed ring of ice
 p - a +2 amulet of reflection
 v - an uncursed ring of resist corrosion
 E - a ring of protection from magic (left hand)
 F - an uncursed ring of protection from magic
 O - the ring "Jesyem" (right hand) {+Inv rC+ Dex+4}
   (You found it on level 6 of the Dungeon)

   [ring of protection from cold]

   It affects your dexterity (+4).
   It protects you from cold.
   It lets you turn invisible.
 T - an amulet of regeneration (around neck)
 V - a +2 ring of slaying
 W - an uncursed amulet of harm
Wands
 l - a wand of teleportation (2/9)
 y - a wand of disintegration (10/24)
 Z - a wand of lightning (5/15)
Scrolls
 a - 2 scrolls of fog
 j - 4 scrolls of fear
 q - a scroll of summoning
 u - a scroll of teleportation
 A - 3 scrolls of enchant armour
 C - 2 scrolls of identify
 D - 14 scrolls of remove curse
 N - 4 scrolls of recharging
 Q - 2 scrolls of silence
 Y - 2 scrolls of holy word {unknown}
Potions
 f - 6 potions of brilliance
 g - 5 potions of flight
 h - 6 potions of might
 i - 6 potions of berserk rage
 m - 14 potions of curing
 o - a potion of cure mutation
 x - a potion of beneficial mutation
 z - a potion of experience {unknown}
 G - 4 potions of agility
 I - 2 potions of magic
 J - 3 potions of heal wounds
 K - 3 potions of haste
 M - 7 potions of resistance
 R - a potion of cancellation {unknown}
Books
 B - a manual of Armour
Miscellaneous
 w - a lamp of fire
 X - a phantom mirror
Comestibles
 c - 15 bread rations
 k - 3 meat rations
 r - 2 fruits


   Skills:
 + Level 22.5 Fighting
 - Level 20.2 Axes
   Level 3.1 Bows
 * Level 21.9 Armour
 + Level 19.2 Dodging
 - Level 12.8 Evocations


You had 20 spell levels left.
You didn't know any spells.

Dungeon Overview and Level Annotations

Branches:
Dungeon (15/15)            Temple (0/1) D:5            Lair (8/8) D:10
  Swamp (4/4) Lair:5        Snake (4/4) Lair:6        Slime (0/6) Lair:8
    Orc (2/2) D:12            Elf (1/3) Orc:2        Vaults (5/5) D:13
  Crypt (3/3) Vaults:2       Tomb (1/3) Crypt:3      Depths (4/5) D:15

Altars:
Ashenzari
Cheibriados
Dithmenos
Kikubaaqudgha
Makhleb
Okawaru
Pakellas
Qazlal
Ru
Sif Muna
Vehumet
Xom
Yredelemnul
Zin
The Shining One
Beogh
Jiyva

Shops:
D:8 %(   D:11 *   D:12 (   D:13 [   Orc:2 }*(!   Depths:2 (

Portals:
Hell: Depths:1 Depths:2 Depths:4
Abyss: Depths:2

Annotations:
Lair:4 exclusion: 3 oklob plants


Innate Abilities, Weirdness & Mutations

You reflexively headbutt those who attack you in melee.
You have a pair of horns on your head.
You are partially covered in molten scales (AC +1).


Message History

You closely miss the emperor scorpion.
The emperor scorpion is heavily wounded.
You slash the emperor scorpion!
The emperor scorpion is lightly wounded.
The emperor scorpion stings you but does no damage.
The emperor scorpion misses you.
The emperor scorpion closely misses you.
The emperor scorpion stings you but does no damage.
The emperor scorpion closely misses you.
The emperor scorpion claws you.
* * * LOW HITPOINT WARNING * * *
The greater mummy hits you with a staff of earth!
* * * LOW HITPOINT WARNING * * *
The emperor scorpion stings you but does no damage.
The emperor scorpion barely misses you. The emperor scorpion misses you.
The emperor scorpion closely misses you.
You furiously retaliate!
You headbutt the emperor scorpion!
The emperor scorpion claws you but does no damage. x2
The emperor scorpion barely misses you. The emperor scorpion claws you.
You die...

..........)).8...8.....
.......................
############.......####
#.8...8.# #...)...#
#.......# #.8...8.#
#.......# #...s@s.#
#.8.Ms8.# #.......#
#.......# #.8...8.#
#.......# ##'''''##
.....M.


You could see a greater mummy, 3 emperor scorpions and a mummy.

Vanquished Creatures
  An ancient lich (Vaults:5)
  A greater mummy (Tomb:1)
  Saint Roka (Vaults:2)
  2 golden dragons (Vaults:5)
  5 tentacled monstrosities (Vaults:5)
  Rupert (Lair:3)
  The ghost of Feta the Severer, an adept HOGl of Beogh (Snake:4)
  5 titans
  2 liches (Depths:3)
  2 ancient champions
  8 sphinxes
  4 shadow dragons
  A thorn hunter (Swamp:3)
  Roxanne (D:14)
  A revenant (Crypt:2)
  4 greater nagas
  A storm dragon (Vaults:5)
  2 tengu reavers (Vaults:5)
  3 frost giants (Vaults:5)
  7 vault wardens
  An orc warlord (Orc:2)
  4 fire giants (Vaults:5)
  A deep elf sorcerer (Vaults:5)
  2 iron dragons (Vaults:5)
  2 curse skulls
  11 ironheart preservers
  6 ghouls
  An orange crystal statue (WizLab)
  3 war gargoyles (Vaults:5)
  2 very ugly things (Vaults:5)
  A salamander stormcaller (Vaults:2)
  8 stone giants
  A vampire knight (Crypt:2)
  Azrael (D:13)
  10 ettins
  A mummy priest (Tomb:1)
  2 deep elf death magi
  2 fire dragons (Depths:3)
  A crystal guardian (Vaults:5)
  2 deep elf high priests (Vaults:5)
  11 yaktaur captains
  Josephine (D:14)
  24 vault guards
  5 naga warriors
  Fannar (D:11)
  6 jiangshi (Crypt:1)
  3 rakshasas
  Harold (Lair:4)
  11 hydras
  2 ghost crabs
  A great orb of eyes (Vaults:3)
  5 ice dragons
  A spriggan air mage (Depths:3)
  10 anacondas
  11 ogre magi
  3 death knights
  7 death yaks
  A tengu warrior (Depths:2)
  5 alligators
  2 deep troll shamans (Depths:3)
  3 centaur warriors
  4 deep troll earth magi
  4 vampire magi
  3 shock serpents
  4 orc high priests (Orc:2)
  A spriggan berserker (Depths:3)
  4 naga sharpshooters (Snake:4)
  Sonja (D:12)
  6 small abominations (Vaults:5)
  2 deep elf knights
  13 skeletal warriors
  2 shadow wraiths
  A fire crab (Vaults:4)
  A hell knight (Depths:3)
  3 salamander mystics
  An unseen horror (D:15)
  A swamp dragon (Swamp:2)
  3 shambling mangroves
  5 ironbrand convokers
  A giant orange brain (Vaults:2)
  5 naga ritualists
  7 phantasmal warriors
  3 flayed ghosts
  4 deep elf archers
  A wizard (Vaults:3)
  16 deep trolls
  9 hill giants
  6 anubis guards (Tomb:1)
  An anaconda skeleton (Crypt:1)
  13 orc knights
  3 harpies (Vaults:4)
  10 deep elf magi
  5 mana vipers
  2 necromancers
  A wolf spider (shapeshifter) (Vaults:5)
  5 griffons
  2 oklob plants
  4 wolf spiders
  A salamander (shapeshifter) (Vaults:1)
  26 slime creatures
  A hornet (Vaults:4)
  12 orc sorcerers
  15 salamanders
  18 ugly things
  A tengu skeleton (Vaults:5)
  3 manticores
  3 elephants (Lair:7)
  29 black mambas
  4 cyclopes
  An octopode (shapeshifter) (Vaults:4)
  2 guardian serpents (Snake:1)
  Maurice (Orc:2)
  2 molten gargoyles (Volcano)
  15 naga magi
  10 vault sentinels
  2 gargoyles (D:13)
  A shock serpent skeleton (Crypt:1)
  2 kobold demonologists (Vaults:1)
  14 spiny frogs
  4 torpor snails
  An efreet (Abyss:3)
  10 komodo dragons
  A fire drake (shapeshifter) (D:15)
  8 freezing wraiths
  23 yaktaurs
  A yaktaur (shapeshifter) (Vaults:1)
  7 fire drakes
  3 spriggan druids
  A yaktaur skeleton (Vaults:5)
  10 trolls
  2 tengu conjurers
  5 guardian mummies
  A jumping spider (Vaults:2)
  A tengu simulacrum (Vaults:5)
  8 polar bears
  2 giant leeches
  23 two-headed ogres
  A hydra skeleton (Tomb:1)
  3 ushabtiu (Tomb:1)
  18 blink frogs
  11 bog bodies
  2 boulder beetles
  An ettin zombie (Vaults:5)
  Sigmund (D:3)
  8 redbacks
  16 flying skulls (Tomb:1)
  13 spriggans
  4 shadows
  2 ettin skeletons
  40 yaks
  A vampire (D:9)
  2 water elementals (Depths:1)
  A yak (shapeshifter) (Vaults:4)
  4 basilisks
  4 fire elementals
  8 wraiths
  A human (D:12)
  A hungry ghost (D:13)
  A chaos spawn (Abyss:3)
  4 fire bats
  A hippogriff (shapeshifter) (Vaults:1)
  The ghost of tasslehoff34 the Bolt Thrower, an amateur CeAM (D:4)
  19 vampire mosquitoes
  2 mottled dragons (Vaults:1)
  8 wargs
  3 swamp worm simulacra (Swamp:4)
  31 wolves
  7 hippogriffs
  10 insubstantial wisps
  42 nagas
  13 swamp worms
  A soldier ant (D:13)
  12 hydra simulacra (Swamp:4)
  A hell hound (D:13)
  A merfolk skeleton (Crypt:1)
  10 water moccasins
  11 porcupines
  64 orc warriors
  2 swamp drakes
  9 necrophages
  9 black bears
  An eye of draining (D:11)
  2 ice beasts
  2 sky beasts
  12 wasps
  A snapping turtle zombie (Tomb:1)
  11 boggarts
  45 ogres
  2 human skeletons (Vaults:2)
  13 centaurs
  13 crocodiles
  5 big kobolds
  28 giant frogs
  A hog skeleton (Crypt:2)
  A komodo dragon zombie (Crypt:2)
  A glowing shapeshifter simulacrum (Vaults:3)
  4 gnoll sergeants (D:12)
  A scorpion (shapeshifter) (Vaults:5)
  A water moccasin skeleton (D:7)
  A cyclops skeleton (Crypt:2)
  A queen bee zombie (Crypt:3)
  13 killer bees
  4 scorpions
  5 jellies
  A boulder beetle zombie (Crypt:3)
  4 electric eels
  4 wights (D:11)
  3 crimson imps
  A giant frog zombie (D:10)
  A two-headed ogre zombie (Crypt:1)
  A quasit (D:8)
  A wasp zombie (Crypt:1)
  6 centaur zombies
  A giant frog skeleton (D:12)
  8 hounds
  4 human zombies
  2 centaur skeletons
  39 orc priests
  21 orc wizards
  7 iguanas
  Jessica (D:3)
  11 worker ants
  Natasha (thrice) (D:4)
  4 hell rats (Lair:5)
  16 sheep
  A mottled dragon zombie (Crypt:1)
  A demigod skeleton (Crypt:2)
  An ogre skeleton (Crypt:1)
  A hound skeleton (D:9)
  6 mummies
  2 worker ant zombies
  22 adders
  3 gnolls (D:12)
  52 river rats
  2 swamp drake skeletons
  5 shadow imps
  3 oozes (Lair:8)
  4 swamp drake simulacra (Swamp:4)
  An adder skeleton (D:8)
  2 halfling skeletons
  A worm (D:2)
  A giant gecko (D:2)
  129 orcs
  A ball python (D:2)
  5 giant cockroaches
  A gnoll zombie (Ossuary)
  12 goblins
  4 hobgoblins
  8 jackals
  7 quokkas
  9 bats
  2 giant gecko skeletons
  2 giant newts
  2 goblin zombies (Ossuary)
  A hobgoblin skeleton (Crypt:2)
  A jackal zombie (D:6)
  21 kobolds
  A kobold zombie (Ossuary)
  2 quokka skeletons (D:5)
  3 rats
  6 crawling corpses (Vaults:5)
  5 fire vortices (Vaults:2)
  4 fungi
  A lost soul (Crypt:1)
  24 plants
1730 creatures vanquished.

Vanquished Creatures (collateral kills)
  2 frost giants (Vaults:5)
  An ironheart preserver (Vaults:5)
  2 yaktaur captains (Vaults:5)
  A vault guard (Vaults:5)
  An orc priest (Vaults:5)
  An orc (Vaults:5)
8 creatures vanquished.

Vanquished Creatures (others)
  2 tengu reavers (Vaults:5)
  A naga warrior (Snake:4)
  A salamander (Vaults:2)
  A swamp worm (Swamp:4)
  A swamp drake (Swamp:4)
  An ogre (Vaults:2)
  3 boggarts (Depths:2)
  A small abomination (Abyss:3)
  5 sheep (D:9)
  An orc (Orc:2)
  2 crawling corpses (Vaults:5)
  3 fire vortices (Vaults:2)
  4 fungi
  6 plants
32 creatures vanquished.

Grand Total: 1770 creatures vanquished

Notes
Turn   | Place    | Note
--------------------------------------------------------------
     0 | D:1      | Motquri the Minotaur Berserker began the quest for the Orb.
     0 | D:1      | Reached XP level 1. HP: 19/19 MP: 0/0
    44 | D:1      | Reached skill level 4 in Axes
   102 | D:1      | Reached XP level 2. HP: 12/27 MP: 1/1
   470 | D:2      | Reached XP level 3. HP: 33/33 MP: 2/2
   477 | D:2      | Reached ** piety under Trog
   760 | D:2      | Reached skill level 5 in Axes
   830 | D:2      | Found a shadowy altar of Dithmenos.
   832 | D:2      | Found a snail-covered altar of Cheibriados.
   936 | D:2      | Found a burning altar of Makhleb.
  1024 | D:3      | Noticed Jessica
  1028 | D:3      | Killed Jessica
  1028 | D:3      | Reached XP level 4. HP: 41/41 MP: 3/3
  1202 | D:3      | Found a sacrificial altar of Ru.
  1307 | D:3      | Reached skill level 5 in Fighting
  1313 | D:3      | Reached *** piety under Trog
  1386 | D:3      | Found a glowing silver altar of Zin.
  1437 | D:3      | Found an iron altar of Okawaru.
  1439 | D:3      | Found a glowing golden altar of the Shining One.
  1522 | D:3      | Noticed Sigmund
  1535 | D:3      | Killed Sigmund
  1535 | D:3      | Reached skill level 6 in Axes
  1535 | D:3      | Reached XP level 5. HP: 50/50 MP: 4/4
  1535 | D:3      | Reached XP level 6. HP: 57/57 MP: 5/5
  1589 | D:3      | Reached skill level 7 in Axes
  1670 | D:4      | Noticed Natasha
  1677 | D:4      | Noticed tasslehoff34's ghost (amateur CeAM)
  1680 | D:4      | Killed Natasha
  1690 | D:4      | Killed tasslehoff34's ghost
  1737 | D:4      | Reached skill level 8 in Axes
  1737 | D:4      | Reached XP level 7. HP: 52/64 MP: 6/6
  1865 | D:5      | Entered Level 5 of the Dungeon
  1981 | D:4      | Found a stormy altar of Qazlal.
  2033 | D:4      | Reached skill level 9 in Axes
  2039 | D:4      | Noticed Natasha
  2048 | D:4      | Killed Natasha
  2189 | D:3      | Found a basalt altar of Yredelemnul.
  2250 | D:4      | Noticed Natasha
  2259 | D:4      | Killed Natasha
  2345 | D:4      | Received a gift from Trog
  2391 | D:5      | Found a glowing golden altar of the Shining One.
  2469 | D:5      | Found a staircase to the Ecumenical Temple.
  2576 | D:5      | Found a radiant altar of Vehumet.
  2724 | D:5      | Reached XP level 8. HP: 55/73 MP: 7/7
  2739 | D:5      | Found a deep blue altar of Sif Muna.
  2818 | D:6      | Found an oddly glowing altar of Pakellas.
  2831 | D:6      | Reached skill level 10 in Axes
  2837 | D:6      | Found a sand-covered staircase.
  2850 | Ossuary  | Entered an ossuary
  3229 | D:6      | Reached skill level 11 in Axes
  3378 | D:6      | Got a fine jade ring
  3380 | D:6      | Identified the ring "Jesyem" {+Inv rC+ Dex+4} (You found it on level 6 of the Dungeon)
  3617 | D:7      | Reached XP level 9. HP: 59/82 MP: 8/8
  3622 | D:8      | Found Lanny's Food Shop.
  3932 | D:8      | Reached **** piety under Trog
  3962 | D:8      | Found Foefec's Weapon Emporium.
  3973 | D:8      | Bought a +0 war axe for 52 gold pieces
  4060 | D:8      | Reached skill level 12 in Axes
  4122 | D:8      | Reached skill level 5 in Armour
  4157 | D:8      | Noticed a manticore
  4166 | D:8      | Killed a manticore
  4281 | D:8      | Got a colourful robe
  4292 | D:8      | Identified the +1 robe "Umenuuq" {rPois Regen+ Str-3 Dex-2} (You found it on level 8 of the Dungeon)
  4422 | D:9      | Reached skill level 13 in Axes
  4549 | D:10     | Entered Level 10 of the Dungeon
  4662 | D:9      | Found a shimmering altar of Xom.
  4764 | D:9      | Reached XP level 10. HP: 93/93 MP: 9/9
  4798 | D:9      | Reached ***** piety under Trog
  4829 | D:9      | Reached skill level 10 in Fighting
  4856 | D:8      | Found a shattered altar of Ashenzari.
  5228 | D:10     | Noticed a hill giant
  5235 | D:10     | Killed a hill giant
  5235 | D:10     | Received a gift from Trog
  5284 | D:10     | Reached skill level 14 in Axes
  5775 | D:10     | Found a staircase to the Lair.
  5816 | Lair:1   | Entered Level 1 of the Lair of Beasts
  5855 | Lair:1   | Noticed a spiny frog
  5861 | Lair:1   | Killed a spiny frog
  5915 | Lair:1   | Reached skill level 1 in Bows
  5922 | Lair:1   | Found a snail-covered altar of Cheibriados.
  5928 | Lair:1   | Noticed a torpor snail
  5943 | Lair:1   | Killed a torpor snail
  5943 | Lair:1   | Reached XP level 11. HP: 59/102 MP: 10/10
  6027 | Lair:1   | Reached skill level 15 in Axes
  6264 | Lair:1   | Received a gift from Trog
  6559 | Lair:2   | Reached skill level 5 in Dodging
  6570 | Lair:2   | Reached skill level 16 in Axes
  6738 | Lair:2   | Received a gift from Trog
  6741 | Lair:2   | Got a pitted executioner's axe {god gift}
  6753 | Lair:2   | Identified the +12 executioner's axe of Conflict {vamp, Int+7} (Trog gifted it to you on level 2 of the Lair of Beasts)
  7063 | Lair:3   | Reached XP level 12. HP: 112/112 MP: 11/11
  7123 | Lair:3   | Noticed Rupert
  7133 | Lair:3   | Killed Rupert
  7133 | Lair:3   | Reached skill level 17 in Axes
  7172 | Lair:3   | Gained mutation: Armour fits poorly on your strangely shaped body. [potion of mutation]
  7172 | Lair:3   | Gained mutation: You expend magic power (3 MP) to strengthen your wands. [potion of mutation]
  7172 | Lair:3   | Gained mutation: You possess an exceptional clarity of mind. [potion of mutation]
  7187 | Lair:3   | Lost mutation: You expend magic power (3 MP) to strengthen your wands. [potion of cure mutation]
  7187 | Lair:3   | Lost mutation: You possess an exceptional clarity of mind. [potion of cure mutation]
  7187 | Lair:3   | Lost mutation: Armour fits poorly on your strangely shaped body. [potion of cure mutation]
  7724 | Lair:4   | Noticed Harold
  7735 | Lair:4   | Killed Harold
  7736 | Lair:4   | Received a gift from Trog
  7840 | Lair:5   | Found a dark tunnel.
  7859 | Volcano  | Entered a volcano
  8096 | Volcano  | Found a bloodstained altar of Trog.
  8096 | Volcano  | Noticed an ogre mage
  8096 | Volcano  | Cast into level 3 of the Abyss (an ogre mage)
  8144 | Abyss:3  | Reached skill level 18 in Axes
  8166 | Abyss:3  | Noticed a starcursed mass
  8168 | Volcano  | Escaped the Abyss
  8174 | Volcano  | Killed an ogre mage
  8190 | Volcano  | Reached XP level 13. HP: 95/122 MP: 12/12
  8561 | Lair:5   | Found a staircase to the Swamp.
  8675 | Lair:5   | Got a slimy scale mail
  8676 | Lair:5   | Identified the +4 scale mail of the Flute {rPois Regen+} (You found it on level 5 of the Lair of Beasts)
  8813 | Lair:6   | Found a staircase to the Snake Pit.
  8963 | Lair:6   | Received a gift from Trog
  9055 | Lair:6   | Upgraded the game from 0.18-a0-1267-gff090c1 to 0.18-a0-1273-g8ec5f8e
  9167 | Lair:7   | Reached skill level 19 in Axes
  9490 | Lair:8   | Entered Level 8 of the Lair of Beasts
  9572 | Lair:7   | Reached ****** piety under Trog
  9624 | Lair:8   | Reached skill level 10 in Dodging
  9629 | Lair:8   | Received a gift from Trog
  9668 | Lair:8   | Reached XP level 14. HP: 58/133 MP: 13/13
  9679 | Lair:8   | Found a runed door.
  9680 | Lair:8   | Found a viscous altar of Jiyva.
  9811 | Lair:8   | Reached skill level 20 in Axes
  9868 | Lair:8   | Reached skill level 15 in Fighting
  9898 | Lair:8   | Received a gift from Trog
 10171 | Lair:8   | Found a staircase to the Slime Pits.
 10616 | D:11     | Found Zucuuz's Assorted Antiques.
 10626 | D:11     | Bought a scroll labeled FIRESM IMUKKAULAGH for 20 gold pieces
 10626 | D:11     | Bought a pair of runed boots for 90 gold pieces
 10654 | D:11     | Noticed Fannar
 10666 | D:11     | Killed Fannar
 11225 | D:13     | Found Vyschimepp's Antique Armour Emporium.
 11228 | D:13     | Bought a dazzling plate armour for 1120 gold pieces
 11235 | D:13     | Reached skill level 1 in Evocations
 11257 | D:12     | Identified the +5 plate armour of Hosk {*Contam rF++ rN+} (You bought it in a shop on level 13 of the Dungeon)
 11329 | D:12     | Noticed Sonja
 11335 | D:12     | Killed Sonja
 11335 | D:12     | Reached skill level 10 in Armour
 11384 | D:12     | Found Laawy's Antique Weapon Shoppe.
 11425 | D:12     | Found a staircase to the Orcish Mines.
 11478 | Orc:1    | Entered Level 1 of the Orcish Mines
 11502 | Orc:1    | Found a roughly hewn altar of Beogh.
 11540 | Orc:2    | Entered Level 2 of the Orcish Mines
 11543 | Orc:2    | Received a gift from Trog
 11810 | Orc:2    | Found a roughly hewn altar of Beogh.
 11896 | Orc:2    | Found Taob's Distillery.
 11912 | Orc:2    | Found Atheih's Weapon Shop.
 12078 | Orc:2    | Noticed Maurice
 12086 | Orc:2    | Killed Maurice
 12146 | Orc:1    | Received a gift from Trog
 12254 | Orc:2    | Reached XP level 15. HP: 143/143 MP: 16/16
 12284 | Orc:2    | Noticed an orc warlord
 12297 | Orc:2    | Killed an orc warlord
 12298 | Orc:2    | Found a roughly hewn altar of Beogh.
 12393 | Orc:2    | Found Asir Fugi's Gadget Shop.
 12436 | Orc:2    | Found Reyt's General Store.
 12461 | Orc:2    | Bought a scroll of magic mapping for 38 gold pieces
 12543 | Orc:2    | Found a staircase to the Elven Halls.
 12555 | Elf:1    | Entered Level 1 of the Elven Halls
 12579 | Elf:1    | Received a gift from Trog
 13018 | Snake:1  | Entered Level 1 of the Snake Pit
 13071 | Snake:1  | Noticed a greater naga
 13076 | Snake:1  | Received a gift from Trog
 13081 | Snake:1  | Killed a greater naga
 13081 | Snake:1  | Reached skill level 5 in Evocations
 13461 | Snake:4  | Entered Level 4 of the Snake Pit
 13545 | Snake:4  | Noticed Feta's ghost (adept HOGl)
 13567 | Snake:4  | Killed Feta's ghost
 13619 | Snake:4  | Reached XP level 16. HP: 140/154 MP: 19/19
 13684 | Snake:4  | Received a gift from Trog
 13889 | Snake:4  | Got a serpentine rune of Zot
 13939 | Snake:3  | Received a gift from Trog
 14149 | Swamp:1  | Entered Level 1 of the Swamp
 14666 | Swamp:3  | Noticed a thorn hunter
 14677 | Swamp:3  | Killed a thorn hunter
 14693 | Swamp:4  | Entered Level 4 of the Swamp
 14758 | Swamp:4  | Paralysed by a wasp for 2 turns
 14936 | Swamp:4  | Reached XP level 17. HP: 143/163 MP: 22/22
 15114 | Swamp:4  | Got a decaying rune of Zot
 15309 | Swamp:1  | Gained mutation: Your magical capacity is low (-10% MP). [potion of mutation]
 15309 | Swamp:1  | Gained mutation: You are partially covered in molten scales (AC +1). [potion of mutation]
 15309 | Swamp:1  | Gained mutation: You are covered in fur (AC +1). [potion of mutation]
 15459 | Lair:1   | Identified a scroll of acquirement
 15462 | Lair:1   | Got a fine hat
 15473 | Lair:1   | Identified the +1 hat of Resesite {Int+3} (You acquired it on level 1 of the Lair of Beasts)
 15485 | Lair:1   | Gained mutation: Your system is resistant to poisons. [potion of beneficial mutation]
 15811 | D:13     | Received a gift from Trog
 15829 | D:13     | Noticed Azrael
 15842 | D:13     | Killed Azrael
 15978 | D:14     | Noticed Josephine
 15988 | D:14     | Killed Josephine
 16088 | D:14     | Noticed Roxanne
 16098 | D:14     | Killed Roxanne
 16100 | D:14     | Identified Roxanne's Handbook of Mutagenic Clay (You took it off Roxanne on level 14 of the Dungeon)
 16120 | D:15     | Entered Level 15 of the Dungeon
 16245 | D:13     | Found a gate to the Vaults.
 16250 | Vaults:1 | Entered Level 1 of the Vaults
 16411 | Vaults:1 | Reached skill level 15 in Dodging
 16462 | Vaults:1 | Received a gift from Trog
 16586 | Vaults:1 | Reached skill level 15 in Armour
 16814 | Vaults:2 | Noticed Saint Roka
 16838 | Vaults:2 | Killed Saint Roka
 16861 | Vaults:2 | Received a gift from Trog
 16865 | Vaults:2 | Reached skill level 10 in Evocations
 16985 | Vaults:3 | Received a gift from Trog
 17195 | Vaults:3 | Reached XP level 18. HP: 176/176 MP: 22/22
 17456 | Vaults:4 | Received a gift from Trog
 17555 | Vaults:5 | Entered Level 5 of the Vaults
 17559 | Vaults:5 | Noticed a tentacled monstrosity
 17567 | Vaults:5 | Noticed a tentacled monstrosity
 17575 | Vaults:5 | Killed a tentacled monstrosity
 17576 | Vaults:5 | Noticed a tentacled monstrosity
 17582 | Vaults:5 | Killed a tentacled monstrosity
 17584 | Vaults:5 | Gained mutation: Your magical capacity is very low (-20% MP). [a neqoxec]
 17593 | Vaults:5 | Killed a tentacled monstrosity
 17593 | Vaults:5 | Received a gift from Trog
 17638 | Vaults:5 | Reached XP level 19. HP: 180/185 MP: 21/21
 17679 | Vaults:5 | Got a smelly crystal plate armour
 17716 | Vaults:5 | Identified the +23 crystal plate armour "Vuenuh" {rC++ MR+ rCorr Dex-4 SInv} (You found it on level 5 of the Vaults)
 17777 | Vaults:5 | Noticed a golden dragon
 17798 | Vaults:5 | Killed a golden dragon
 17798 | Vaults:5 | Received a gift from Trog
 17865 | Vaults:5 | Gained mutation: Your body sometimes deteriorates upon taking damage. [mutagenic glow]
 17918 | Vaults:5 | Got a steaming buckler
 17919 | Vaults:5 | Identified the -1 buckler "Onok" {rPois Stlth+} (You found it on level 5 of the Vaults)
 17965 | Vaults:5 | Identified Sif Muna's Volume of Enthralling Summoning
 18142 | Vaults:5 | Got a silver rune of Zot
 18209 | Vaults:5 | Noticed an ancient lich
 18213 | Vaults:5 | Killed an ancient lich
 18283 | Vaults:5 | Got a steaming plate armour
 18284 | Vaults:5 | Identified the cursed +1 plate armour of Eweadeff {rC- Str+2 Int+4} (You found it on level 5 of the Vaults)
 18302 | Vaults:5 | Received a gift from Trog
 18318 | Vaults:5 | Noticed a golden dragon
 18324 | Vaults:5 | Killed a golden dragon
 18357 | Vaults:5 | Got an ancient long sword
 18365 | Vaults:5 | Identified the +3 long sword of Ysuluyhu {slice, -Tele Str+5 Int+3} (You found it on level 5 of the Vaults)
 18488 | Vaults:5 | Identified the Handbook of Enhancements and Evil Magic
 18703 | Vaults:2 | Reached XP level 20. HP: 188/188 MP: 22/22
 18811 | Vaults:2 | Reached skill level 21 in Fighting
 18881 | Vaults:2 | Lost intelligence.
 19247 | D:15     | Received a gift from Trog
 19463 | D:15     | Received a gift from Trog
 19488 | D:15     | Found a staircase to the Depths.
 19503 | Depths:1 | Entered Level 1 of the Depths
 19503 | Depths:1 | Found a gateway to Hell.
 19584 | Depths:2 | Found Qoanuet's Antique Weapon Shoppe.
 19600 | Depths:2 | Bought an executioner's axe for 280 gold pieces
 19691 | Depths:2 | Found a one-way gate to the infinite horrors of the Abyss.
 19842 | Depths:3 | Noticed a golden dragon
 20536 | D:5      | Fell from the grace of Trog
 20536 | D:5      | Became a worshipper of the Shining One
 20695 | D:10     | Lost mutation: Your system is resistant to poisons. [potion of cure mutation]
 20695 | D:10     | Lost mutation: Your body sometimes deteriorates upon taking damage. [potion of cure mutation]
 20695 | D:10     | Lost mutation: Your magical capacity is very low (-20% MP). [potion of cure mutation]
 20695 | D:10     | Lost mutation: Your magical capacity is low (-10% MP). [potion of cure mutation]
 20695 | D:10     | Lost mutation: You are covered in fur (AC +1). [potion of cure mutation]
 21007 | Vaults:2 | Reached * piety under the Shining One
 21277 | Vaults:2 | Found a staircase to the Crypt.
 21277 | Vaults:2 | Found an ancient bone altar of Kikubaaqudgha.
 21278 | Vaults:2 | Found a basalt altar of Yredelemnul.
 21289 | Crypt:1  | Entered Level 1 of the Crypt
 21392 | Crypt:1  | Found a magical portal.
 21396 | WizLab   | Entered Wucad Mu's Monastery
 21739 | Crypt:1  | Reached ** piety under the Shining One
 21788 | Crypt:1  | Reached XP level 21. HP: 193/199 MP: 29/29
 21789 | Crypt:1  | Reached skill level 22 in Fighting
 21931 | Crypt:1  | Reached *** piety under the Shining One
 22149 | Crypt:2  | Reached **** piety under the Shining One
 22202 | Crypt:3  | Entered Level 3 of the Crypt
 22280 | Crypt:3  | Reached ***** piety under the Shining One
 22345 | Crypt:3  | Found a staircase to the Tomb.
 22354 | Tomb:1   | Entered Level 1 of the Tomb of the Ancients
 22442 | Tomb:1   | Reached ****** piety under the Shining One
 22455 | Tomb:1   | Identified a +7 executioner's axe of holy wrath (a +5 executioner's axe of flaming blessed by the Shining One)
 22455 | Tomb:1   | Received a gift from the Shining One
 22465 | Tomb:1   | Noticed a greater mummy
 22472 | Tomb:1   | HP: 3/202 [greater mummy (15)]
 22474 | Tomb:1   | Killed a greater mummy
 22508 | Tomb:1   | Noticed a greater mummy
 22519 | Tomb:1   | HP: 6/209 [greater mummy/staff of earth (7)]
 22519 | Tomb:1   | Slain by an emperor scorpion

Vault maps used:
D:1:      minmay_arrival_stone_box
D:2:      lemuel_doored_altar, grunt_temple_overflow_open
D:3:      nicolae_overflow_hidden_temple, nicolae_ru_awakened_eye, uniq_sigmund,
          uniq_jessica
D:4:      old_standard_altar, minmay_misc_feat_alley, uniq_natasha
D:5:      lemuel_coloured_pillars_altar, kennysheep_little_box,
          minmay_temple_entry_statues_fountains, first_bread, basic_altar
D:6:      grunt_pakellas_basics, enter_ossuary_3, hex_large
D:8:      minmay_quarter_circles, old_standard_altar, serial_shops,
          nicolae_shop_statue_plus, shop_coins
D:9:      kb_xom_exploding_sheep
D:10:     david_lair_shrubbed
D:11:     serial_shops, nicolae_shop_window_shopping, uniq_fannar
D:12:     kennysheep_orc_monster_closet_entryway, serial_shops, shop,
          grunt_pizzeria, uniq_sonja
D:13:     david_vaults_1, serial_shops, shop_statue, eino_jars,
          nrook_loot_triangle, uniq_azrael
D:14:     nicolae_dithmenos_the_darkroom, uniq_roxanne, uniq_josephine
D:15:     hangedman_depths_entry_civil_slaughter, minmay_gold_behind_fungi
Lair:1:   zaba_anthole, kennysheep_snail_temple
Lair:2:   minmay_lair_oklob_chamber, beast_lair_carwin_6,
          bh_autumn_forest_stairs, grunt_megastairs_2, serial_bayou_shore_b,
          serial_bayou_shore_a
Lair:3:   uniq_rupert, uniq_urug
Lair:4:   dpeg_oklob_gauntlet, infiniplex_staircase_pool_2, grunt_megastairs_3,
          lemuel_fruit_tree, uniq_harold
Lair:5:   minmay_lair_venomous_thicket, minmay_swamp_entry_swarm,
          nicolae_volcano_entry_batcave, guppyfry_lair_drakes
Lair:6:   guppyfry_snake_entry_island
Lair:7:   st_stairs_4, wad_woods_river_01, lemuel_fruit_fields
Lair:8:   minmay_lair_end_enchanted_forest, slime_altar_2
Swamp:1:  evilmike_swamp_ruin_house_3, hangedman_swamp_ravenous
Swamp:2:  evilmike_swamp_ruin_house_2
Swamp:3:  nicolae_swamp_fairy_circle
Swamp:4:  swamp_icy
Snake:1:  hangedman_snake_sidewinding, serial_bayou_shore_b,
          serial_bayou_shore_b, uniq_frances
Snake:2:  st_stairs_11, uniq_vashnia, uniq_kirke
Snake:3:  serial_bayou_shore_b
Snake:4:  minmay_snake_end_coiled, grunt_ministairs_11, st_stairs_11
Orc:1:    mines2_david
Orc:2:    pubby_orc_utopia, uniq_maurice
Elf:1:    eino_elf_arrival_sip, serial_shops, shop, orc_legates
Vaults:1: dpeg_vaults_waves, vaults_mumra_lcd, nicolae_vaults_rhombus_6,
          ontoclasm_vaults_fault, v_misc_17, nicolae_vaults_circle_grid_b,
          v_misc_2, dpeg_vaults_monster_box, vaults_room_pools,
          vaults_room_corners, v_misc_11, nicolae_vaults_mini_display_case
Vaults:2: minmay_crypt_entry_necro_gods, vaults_room_hallway,
          nicolae_vaults_puzzle_piece, nicolae_vaults_twisting_passages,
          hangedman_vaults_impose, v_pattern_5, nicolae_vaults_alarming,
          hangedman_vaults_hat, hangedman_vaults_maws,
          ontoclasm_vaults_loading_screen, grunt_vaults_hallway_short,
          vaults_room_stairs_pillars, ontoclasm_vaults_ring_square,
          vaults_room_stairs_pillars, trove_entry_hex_spiral, uniq_saint_roka
Vaults:3: nicolae_vaults_sealed_display, v_misc_3, v_misc_33,
          nicolae_vaults_big_ls, hangedman_vaults_river_flow, v_pattern_2,
          vaults_dpeg_ring
Vaults:4: vaults_standard_mumra_x, v_rooms_3, grunt_vaults_diagonal, v_misc_26,
          vaults_standard_mumra_enter_the_diamond, hangedman_vaults_maws,
          grunt_vaults_swirl, vaults_room_octagon, vaults_mumra_chevron,
          v_misc_25, v_misc_24
Crypt:1:  mu_enter_wizlab_7
Crypt:2:  uniq_mennas
Crypt:3:  lightli_unholy_cathedral, tomb_entry_simple_bobbens, minivault_4,
          minivault_23
Depths:1: hell_entry, grunt_decor_resistance, minmay_room_of_horrors,
          serial_bayou_pond_d, minmay_acid_items
Depths:2: cheibrodos_birdhouse, minmay_stone_trees_small, serial_shops,
          nicolae_shop_stone, abyss_entry_crystal, hell_entry, firewood_loft
Depths:3: grunt_crosshair, nicolae_benzene_ring, grunt_hell_horde, pan_entry,
          infiniplex_staircase_hallway_doors
Depths:4: hangedman_spin_cycle, serial_shops, hell_entry, abyss_entry,
          uniq_boris, uniq_enchantress
Abyss:3:  bh_abyss_negative, minivault_22
Ossuary:  ossuary_crypta
Volcano:  volcano_lake
WizLab:   wizlab_wucad

Action                   |  1- 3 |  4- 6 |  7- 9 | 10-12 | 13-15 | 16-18 | 19-21 || total
-------------------------+-------+-------+-------+-------+-------+-------+-------++-------
Melee: Hand axe          |   105 |   115 |   246 |       |       |       |       ||   466
       Trident           |       |       |    62 |       |       |       |       ||    62
       War axe           |       |       |    95 |   360 |       |       |       ||   455
       Executioner's axe |       |       |       |   122 |   858 |   862 |   958 ||  2800
       Battleaxe         |       |       |       |       |    65 |    41 |       ||   106
       Broad axe         |       |       |       |       |     8 |       |       ||     8
Throw: Javelin           |       |       |       |     4 |       |       |       ||     4
Invok: Berserk           |     2 |     2 |     4 |     6 |     2 |       |       ||    16
       Trog's Hand       |       |     2 |     5 |     6 |     6 |     8 |     2 ||    29
       Brothers in Arms  |       |       |       |       |       |     3 |     1 ||     4
       Brand Weapon With |       |       |       |       |       |       |     1 ||     1
 Abil: Evoke Invisibilit |       |       |       |       |       |       |     2 ||     2
Evoke: Wand              |       |       |     1 |       |     1 |     1 |     1 ||     4
  Use: Scroll            |     3 |       |    14 |    14 |    15 |    16 |    20 ||    82
       Potion            |       |       |     1 |     3 |     4 |    19 |     4 ||    31
 Stab: Sleeping          |       |       |       |     2 |       |       |       ||     2
       Distracted        |       |       |       |       |       |     1 |       ||     1
       Invisible         |       |       |       |       |       |       |     4 ||     4
  Eat: Chunk             |     3 |     4 |    15 |    14 |    19 |     4 |     1 ||    60
       Royal jelly       |       |       |       |     2 |       |       |       ||     2
       Bread ration      |       |       |       |     1 |       |     1 |       ||     2
       Pizza             |       |       |       |     1 |     4 |     6 |     4 ||    15
       Fruit             |       |       |       |       |    13 |       |     9 ||    22
       Meat ration       |       |       |       |       |     2 |     3 |     3 ||     8
       Beef jerky        |       |       |       |       |     2 |     1 |     1 ||     4
